[Event "45th FIDE Olympiad 2024"]
[Site "Budapest"]
[Date "2024.09.16"]
[Round "6.94"]
[White "Quesada Perez, Luis Ernesto"]
[Black "Nanjo, Ryosuke"]
[Result "1-0"]
[ECO "A34"]
[WhiteElo "2578"]
[BlackElo "2372"]
[Annotator "TA"]
[PlyCount "81"]
[EventDate "2024.09.05"]
[EventType "team-tourn"]
[EventCountry "HUN"]
[SourceTitle "playchess.com"]
[Source "ChessBase"]
[SourceQuality "1"]
[WhiteTeam "Cuba"]
[BlackTeam "Japan"]
[WhiteTeamCountry "CUB"]
[BlackTeamCountry "JPN"]
[TimeControl "40/5400+30:1800+30"]

1. Nf3 Nf6 2. c4 c5 3. g3 Nc6 4. Bg2 d5 5. cxd5 Nxd5 6. Nc3 Nc7 7. d3 e5 8. O-O Be7 9. Nd2 Bd7 10. Nc4 f6 11. f4 b5 12. Ne3 O-O 13. fxe5 Nxe5 {The position is equal.} 14. Nf5 Rc8 15. Nxe7+ Qxe7 16. Bf4 Rfd8 17. Qe1 b4 18. Ne4 Nb5 19. h3 (19. Rc1 $11) 19... Nd4 {Threatens to win with ...Nc2.} 20. Qf2 Bb5 21. Be3 {[#]} Nxd3 $1 22. exd3 Bxd3 23. Bxd4 Rxd4 24. Nd2 (24. Qf5 Re8 25. Qxc5 Bxf1 26. Nxf6+ (26. Qxd4 Bxg2 27. Qd5+ Kf8 $17) 26... Qxf6 $17) 24... Bxf1 25. Bxf1 Qd6 26. Nc4 {[%mdl 1024] White has compensation.} Qd5 27. b3 Re8 28. Rc1 h5 29. h4 Qe6 30. Nd2 {[%cal Of1c4,Bc4d2,Bd2f3,Bf3h4][%mdl 32] [#] Hoping for Bc4!} Qe3 31. Rc2 g5 32. Nf3 Rg4 (32... Rd6 $11 {remains equal.}) 33. Kg2 $16 gxh4 (33... Re7 $142 34. Bb5 (34. Rxc5 Rxg3+ 35. Kxg3 gxh4+ 36. Kg2 Rg7+ $18) 34... Rge4) 34. Nxh4 {Bc4+ would now be deadly.} (34. Rxc5 h3+ (34... hxg3 35. Qc2 $11) 35. Kg1 Rxg3+ 36. Kh1 Qxf2) 34... Qe4+ (34... Re5 $16) 35. Kh2 $18 {Black must now prevent Bc4+.} Re5 $2 (35... Qd4 36. Qxd4 cxd4) 36. Rd2 (36. Rxc5 Rxh4+ 37. gxh4 Rxc5 38. Qxc5 Qf4+ 39. Kg2 Qg4+ 40. Kf2 Qxh4+ 41. Ke2 Kf7 42. Qxa7+ Kg6 $18) 36... Reg5 $2 (36... Qe3 $18 37. Qxe3 (37. Rd8+ Kf7 $11) 37... Rxe3) 37. Bc4+ (37. Qxf6 Rxh4+ (37... Rxg3 38. Rd8+) 38. Bh3 Rxh3+ 39. Kxh3 Qg4+ 40. Kg2 Qxg3+ 41. Kf1 Qg1+ 42. Ke2 Rg2+ 43. Kd3 Rxd2+ (43... Qb1+ $2 44. Kc4 $19) 44. Kxd2 Qd4+ 45. Qxd4 cxd4 46. Kd3 h4 47. Kxd4 h3 48. Kc5 h2 49. Kxb4 h1=Q (49... h1=R $2 50. Kc3 $19) 50. Kc4 Qe4+ 51. Kc5 Kf7 52. Kb5 Ke6 53. Kc5 Qd5+ 54. Kb4 Qd4+ 55. Ka5 Kd5 56. Kb5 Qc3 57. Ka4 Kc5 58. a3 Kb6 59. b4 Qc2#) 37... Kg7 38. Rd7+ Kh6 39. Qxf6+ ({And not} 39. Rxa7 Rxh4+ 40. gxh4 Qe5+ 41. Kh1 Qe4+ 42. Kh2 Qe5+ 43. Kh1 Qe4+ 44. Kh2 $11) 39... Rg6 40. Nf5+ Qxf5 41. Qxf5 {Weighted Error Value: White=0.07 (flawless) /Black=0.47.  Mistake:       	White=1     	Black=5      Inaccurate:     	---       	Black=4      OK:         	White=10    	Black=6      Best:        	White=3     	---} 1-0

[Event "45th FIDE Olympiad 2024"]
[Site "Budapest"]
[Date "2024.09.16"]
[Round "6.94"]
[White "Tran, Tuan An"]
[Black "Samuel, Jhon"]
[Result "1-0"]
[WhiteElo "1916"]
[BlackElo "1545"]
[PlyCount "97"]
[EventDate "2024.09.05"]
[EventType "team-tourn"]
[EventCountry "HUN"]
[WhiteTeam "Guam"]
[BlackTeam "British Virgin Islands"]
[WhiteTeamCountry "GMA"]
[BlackTeamCountry "IVB"]
[TimeControl "40/5400+30:1800+30"]

1. e4 c5 2. c3 Nc6 3. d4 cxd4 4. cxd4 d6 5. d5 Ne5 6. f4 Bg4 7. Qb3 Ng6 8. f5 Ne5 9. h3 Nf6 10. hxg4 Nfxg4 11. Qxb7 f6 12. Nf3 Rb8 13. Qxa7 Ra8 14. Nxe5 Nxe5 15. Qd4 Rc8 16. Bf4 Qc7 17. Nc3 h5 18. Nb5 Qb7 19. Bxe5 fxe5 20. Qa7 Qxa7 21. Nxa7 Rc2 22. Nc6 Kf7 23. Nd8+ Kf6 24. Ne6 g5 25. Nxf8 Rxf8 26. Rxh5 Rb8 27. Rh3 Rbxb2 28. a4 Rc7 29. a5 Ra7 30. a6 g4 31. Re3 Kg5 32. g3 Kf6 33. Re2 Rb6 34. Rc2 Rb3 35. Kf2 Rf3+ 36. Kg2 Re3 37. Rb2 Rxe4 38. Rb7 Rxb7 39. axb7 Rb4 40. Ra7 Rb2+ 41. Kg1 Rb1 42. Kf2 Rb2+ 43. Ke3 Kxf5 44. Ba6 Rb3+ 45. Kd2 e4 46. Ra8 e3+ 47. Ke2 Rb2+ 48. Kxe3 Rb3+ 49. Bd3+ 1-0

[Event "45th FIDE Olympiad 2024"]
[Site "Budapest"]
[Date "2024.09.16"]
[Round "6.95"]
[White "Kojima, Shinya"]
[Black "Berdayes Ason, Dylan Isidro"]
[Result "0-1"]
[ECO "D38"]
[WhiteElo "2299"]
[BlackElo "2474"]
[Annotator "TA"]
[PlyCount "75"]
[EventDate "2024.09.05"]
[EventType "team-tourn"]
[EventCountry "HUN"]
[SourceTitle "playchess.com"]
[Source "ChessBase"]
[SourceQuality "1"]
[WhiteTeam "Japan"]
[BlackTeam "Cuba"]
[WhiteTeamCountry "JPN"]
[BlackTeamCountry "CUB"]
[TimeControl "40/5400+30:1800+30"]

1. d4 Nf6 2. c4 e6 3. Nf3 d5 4. Nc3 Bb4 5. cxd5 exd5 6. Qa4+ Nc6 7. Bg5 h6 8. Bxf6 Qxf6 9. e3 O-O 10. Be2 Be6 11. a3 Bxc3+ 12. bxc3 Ne7 13. c4 {The position is equal.} c5 14. O-O Rfc8 (14... dxc4 {simplifies} 15. Bxc4 Bxc4 16. Qxc4 cxd4 17. Qxd4 Qxd4 18. Nxd4 Rfc8) 15. Rac1 dxc4 16. Bxc4 Bxc4 17. Rxc4 cxd4 18. Nxd4 a6 19. Rfc1 {[#] Hoping for Rxc8+.} Rxc4 20. Qxc4 Rc8 21. Qf1 Rxc1 22. Qxc1 $11 {[%mdl 4096] Endgame. KQN-KQN} Qd6 23. h4 g6 24. Qc3 b5 25. Qa5 h5 26. g3 Nd5 27. Nc2 Qb6 28. Qxb6 Nxb6 {KN-KN} 29. Kf1 Kg7 30. Ke2 Kf6 31. Kd3 Kf5 {next ...Kg4 is good for Black.} 32. f3 Nc4 33. e4+ Ke5 34. f4+ Kd6 35. Kd4 Nd2 36. Ne3 {Dodges Nf1} ({Better is} 36. e5+ $11 Kc7 37. Kd5) 36... Nf3+ $15 37. Kc3 Kc5 (37... a5 $17) 38. Nd5 $1 {Weighted Error Value: White=0.07 (flawless) /Black=0.04 (flawless) .  Mistake:       	White=1     	Black=1      OK:         	White=11    	Black=13     Strong:       	White=1     	---} 0-1

[Event "45th FIDE Olympiad 2024"]
[Site "Budapest"]
[Date "2024.09.16"]
[Round "6.96"]
[White "Almeida Quintana, Omar"]
[Black "Yamada, Kohei"]
[Result "1-0"]
[ECO "D35"]
[WhiteElo "2492"]
[BlackElo "2178"]
[Annotator "TA"]
[PlyCount "85"]
[EventDate "2024.09.05"]
[EventType "team-tourn"]
[EventCountry "HUN"]
[SourceTitle "playchess.com"]
[Source "ChessBase"]
[SourceQuality "1"]
[WhiteTeam "Cuba"]
[BlackTeam "Japan"]
[WhiteTeamCountry "CUB"]
[BlackTeamCountry "JPN"]
[TimeControl "40/5400+30:1800+30"]

1. d4 Nf6 2. Nf3 d5 3. c4 e6 4. Nc3 Nbd7 5. cxd5 exd5 6. Bf4 Bb4 7. e3 Ne4 8. Qc2 g5 9. Be5 Rg8 {White has an edge.} 10. Bd3 Bxc3+ 11. bxc3 g4 12. Bxe4 dxe4 13. Qxe4 {Strongly threatening Bf6+.} Qe7 14. Qxh7 Rf8 15. Nd2 Nxe5 16. dxe5 Qxe5 17. Qe4 $36 {[%mdl 2048] White is more active.} Qxe4 18. Nxe4 Bf5 (18... Ke7 $11 {keeps the balance.}) 19. Nf6+ $16 Kd8 (19... Ke7 $14 20. Nd5+ Kd6) 20. O-O-O+ Kc8 21. Kb2 c6 (21... Be6 $16) 22. Rd4 (22. e4 $18 Be6 23. f4 gxf3 24. gxf3) 22... Rd8 ({Black should try} 22... Be6) 23. f3 (23. Nxg4 $2 {loses.} Rxd4 24. cxd4 Bxg4 $17) (23. e4 $142 Be6 24. h4 gxh3 25. gxh3) 23... gxf3 24. gxf3 Bh3 25. Rg1 Kc7 26. Rg7 {White has more active pieces.} Be6 27. h4 c5 28. Rxd8 Rxd8 {[%mdl 4096] Endgame. KRB-KRN} 29. Ne4 {Inhibits Rd2+.} Kc6 30. h5 Rh8 31. Ng3 Bc4 32. f4 ({Better is} 32. a3) 32... a5 33. Rg5 b6 34. Ne4 (34. a3 $16) 34... a4 $14 35. a3 Be2 (35... Rh6 $1 $11 {remains equal.}) 36. Nf6 (36. Ng3 $16 Bc4 37. e4) 36... Rh6 37. Rf5 Kb5 38. e4 {e5 would now be deadly.} Kc4 39. e5 Rh8 $2 {[%mdl 8192] [#]} (39... Kd3 $1 $11 {and Black is okay.}) 40. Rg5 $1 $18 Rd8 {[#]} 41. Ne4 {Repels Rd2+} (41. h6 Rd2+ 42. Kc1 Ra2 $16) (41. Rg2 $1 $18 {[%cal Rg2e2] and the rest is easy.} Rd2+ 42. Kc1 Rd1+ 43. Kc2 Bxh5 44. Nxh5) 41... Rd1 (41... Kd5 $16 42. Nf6+ Kc4) 42. h6 Bf3 $2 (42... Rh1 43. Rg2 (43. Nd6+ Kd5 $14) 43... Bd3 44. Nd6+ Kd5) 43. Kc2 {Weighted Error Value: White=0.24 (precise) /Black=0.53.  Loses game:     	---       	Black=1      Missed win:     	White=1     	---        Mistake:       	White=5     	Black=7      Inaccurate:     	White=3     	Black=4      OK:         	White=15    	Black=9      Best:        	White=2     	Black=6      Strong:       	White=1     	---} 1-0

[Event "45th FIDE Olympiad 2024"]
[Site "Budapest"]
[Date "2024.09.16"]
[Round "6.97"]
[White "Kuybokarov, Temur"]
[Black "Zhakshylykov, Erzhan"]
[Result "1-0"]
[ECO "C95"]
[WhiteElo "2562"]
[BlackElo "2327"]
[Annotator "TA"]
[PlyCount "107"]
[EventDate "2024.09.05"]
[EventType "team-tourn"]
[EventCountry "HUN"]
[SourceTitle "playchess.com"]
[Source "ChessBase"]
[SourceQuality "1"]
[WhiteTeam "Australia"]
[BlackTeam "Kyrgyzstan"]
[WhiteTeamCountry "AUS"]
[BlackTeamCountry "KGZ"]
[TimeControl "40/5400+30:1800+30"]

1. e4 {ChessBase} e5 2. Nf3 Nc6 3. Bb5 a6 4. Ba4 Nf6 5. O-O Be7 6. Re1 b5 7. Bb3 d6 8. c3 O-O 9. h3 Nb8 10. d4 Nbd7 11. c4 c6 12. Nc3 b4 {C95: Closed Ruy Lopez: Breyer Variation with 10 d4.} 13. Na4 {13.Na4 was played by the boomers.} c5 14. d5 Re8 15. a3 a5 $1 16. Bc2 Nf8 17. b3 Ng6 18. Be3 $5 {[%mdl 4] Leaves trodden paths.} Bd7 19. Nb2 h6 20. Qd2 Nh7 21. Ra2 Bg5 $146 ({Predecessor:} 21... Ng5 22. Nxg5 Bxg5 23. axb4 Bxe3 24. Qxe3 axb4 25. Rea1 Rxa2 26. Rxa2 Nf4 27. Nd3 Qg5 28. Nxf4 exf4 {0-1 Vallejo Pons,F (2684)-Carlsen,M (2850) Wch Rapid Berlin 2015 (3)}) 22. Nxg5 hxg5 23. Rea1 Rb8 24. Bd1 Nf4 25. axb4 axb4 26. Bg4 g6 27. Bxd7 Qxd7 28. Kh2 (28. f3 $16) 28... f5 $11 29. Ra7 Rb7 30. Rxb7 Qxb7 31. exf5 gxf5 32. g3 Nh5 (32... Nxh3 $1 $14 33. Kxh3 Qg7) 33. Bxg5 $16 Qg7 34. Bh4 e4 35. Qe2 Qh6 36. Ra6 Ng5 $2 (36... f4 $16) 37. Bxg5 $18 Qxg5 38. Rxd6 e3 39. h4 (39. Nd3 $142) 39... Qg4 $18 40. Qxg4+ fxg4 41. Nd3 e2 42. Ne1 (42. Nxc5 e1=Q (42... e1=B $2 43. Rg6+ Kf8 44. Kg2 $18) 43. Rg6+ Kf7 44. Nd3 Qe2 45. Ra6 Qxd3 46. Ra7+ Kg8 47. Ra1 Rf8 (47... Qxb3 48. Kh1 Qf3+ 49. Kg1 Rf8 50. Ra2 Nxg3 51. fxg3 Qf1+ 52. Kh2 Qh3+ 53. Kg1 Rf1#) 48. Kg1 Qe2 (48... Qxb3 49. Rc1 Qf3 50. Rc2 Qd1+ 51. Kg2 Qxc2 52. Kh1 Nxg3+ 53. fxg3 Rf1#) (48... Nxg3 49. Re1 Ne2+ 50. Rxe2 Qxe2 51. h5 Rxf2 52. h6 Rf1#) 49. f4 gxf3 (49... Nxg3 50. d6 Qe3+ 51. Kg2 Qf3+ 52. Kg1 Ne2+ 53. Kh2 Qh3#) (49... Qe3+ 50. Kg2 Qxg3+ 51. Kh1 Nxf4 52. Ra2 Qe1+ 53. Kh2 g3#) (49... Nxg3 50. d6 Qe3+ 51. Kg2 Qf3+ 52. Kg1 Ne2+ 53. Kh2 Qh3#) (49... Qe3+ 50. Kg2 Qxg3+ 51. Kh1 Nxf4 52. Ra2 Qe1+ 53. Kh2 g3#)) 42... Ng7 43. Rg6 Ra8 {[#]} (43... Kh7 $142 44. Rg5 (44. Rxg4 Nf5 $18) 44... Re4) 44. d6 $1 $18 (44. Rxg4 Ra1 $18) 44... Ra1 45. d7 Rd1 46. Rxg4 ({Not} 46. Kg2 Rxd7 47. f4 (47. Rxg4 Rd1 $14) 47... Kf7 (47... Rd1 $2 48. Kf2 $18) 48. Rxg4 Ra7 $18) 46... Rxd7 47. Re4 Rd2 48. g4 Rd4 $2 (48... Rb2 49. h5 Rxb3) 49. Rxd4 $18 cxd4 50. c5 Ne6 51. c6 Kf7 52. h5 Ke7 53. h6 Ng5 54. f4 1-0

[Event "45th FIDE Olympiad 2024"]
[Site "Budapest"]
[Date "2024.09.16"]
[Round "6.98"]
[White "Khoroshev, Nikita"]
[Black "Cheng, Bobby"]
[Result "0-1"]
[ECO "A14"]
[WhiteElo "2355"]
[BlackElo "2588"]
[Annotator "TA"]
[PlyCount "74"]
[EventDate "2024.09.05"]
[EventType "team-tourn"]
[EventCountry "HUN"]
[SourceTitle "playchess.com"]
[Source "ChessBase"]
[SourceQuality "1"]
[WhiteTeam "Kyrgyzstan"]
[BlackTeam "Australia"]
[WhiteTeamCountry "KGZ"]
[BlackTeamCountry "AUS"]
[TimeControl "40/5400+30:1800+30"]

1. Nf3 d5 2. g3 Nf6 3. Bg2 e6 4. O-O Be7 5. c4 O-O 6. b3 d4 7. e3 c5 8. exd4 cxd4 9. Ne5 {Prevents Nc6.} Bd6 {The position is equal.} 10. Re1 Bxe5 11. Rxe5 Nc6 12. Re1 e5 13. d3 Bg4 14. Qd2 Re8 15. Na3 Qd7 16. Bb2 Bh3 17. Bh1 a6 18. c5 Be6 19. Nc4 Bxc4 20. bxc4 Re7 21. Rab1 Rae8 22. f3 h5 23. Re2 {[#]} (23. Bc1 $11) 23... h4 $1 $17 24. Rbe1 (24. Bg2 hxg3) 24... Qf5 {Prevents Qg5} 25. Ba3 (25. Bg2 $17 {was called for.}) 25... Nh5 $19 26. Rg2 {g4 would now be deadly.} hxg3 (26... Qxf3 27. Rf2 Qg4 28. Bf3 $17) 27. hxg3 {And now g4 would win.} Qxf3 {[%cal Oe5e4] Hoping for ...e4!} 28. Bc1 $2 (28. Rf1 {keeps fighting.} Qg4 29. Qf2) 28... e4 $1 (28... Nxg3 29. Qg5 Nh5 30. Rg4 (30. Rh2 $2 Qg3+ 31. Qxg3 Nxg3 $19) 30... Qxd3 (30... Qh3 $2 31. Bg2 $18) 31. Qxh5 $18) 29. Rh2 $2 (29. dxe4 Nxg3 30. Qf2 Qxf2+ 31. Kxf2 Nxh1+ (31... Rxe4 $2 32. Rxe4 Nxe4+ 33. Kf3 $19) (31... Nxe4+ $2 32. Kg1 $19) 32. Rxh1) 29... Qxg3+ 30. Rg2 {[#]} e3 $1 31. Qe2 Qe5 32. Qg4 Re6 {[%cal Oh5f4] aiming for ...Nf4!} 33. Rf1 Rg6 34. Qd7 Rxg2+ 35. Bxg2 Nf6 ({And not} 35... Nf4 36. Rxf4 Re7 37. Qc8+ Re8 38. Qd7 $11 (38. Qxb7 $2 {loses.} Qxf4 39. Qxc6 Qf2+ 40. Kh1 Qh4+ 41. Kg1 Qe1+ 42. Kh2 Re6 $19) (38. Qf5 Qxf5 39. Rxf5 e2 $17)) 36. Qxb7 e2 37. Qxc6 e1=Q {Weighted Error Value: White=0.72/Black=0.12 (very precise) .  Mistake:       	White=4     	---        Inaccurate:     	White=2     	Black=1      OK:         	White=7     	Black=12     Best:        	White=1     	Black=1      Strong:       	---       	Black=1} (37... Qg3 $142 38. Qxe8+ Nxe8) 0-1

[Event "45th FIDE Olympiad 2024"]
[Site "Budapest"]
[Date "2024.09.16"]
[Round "6.99"]
[White "Sardana, Rishi"]
[Black "Orozbaev, Eldiyar"]
[Result "1-0"]
[ECO "B51"]
[WhiteElo "2477"]
[BlackElo "2376"]
[Annotator "TA"]
[PlyCount "121"]
[EventDate "2024.09.05"]
[EventType "team-tourn"]
[EventCountry "HUN"]
[SourceTitle "playchess.com"]
[Source "ChessBase"]
[SourceQuality "1"]
[WhiteTeam "Australia"]
[BlackTeam "Kyrgyzstan"]
[WhiteTeamCountry "AUS"]
[BlackTeamCountry "KGZ"]
[TimeControl "40/5400+30:1800+30"]

1. e4 c5 2. Nf3 d6 3. Bb5+ Nd7 4. O-O a6 5. Be2 Ngf6 6. d3 g6 7. c4 Bg7 8. Nc3 {White is slightly better.} O-O 9. d4 cxd4 10. Nxd4 Qc7 11. Be3 Ne5 12. Nd5 Qd8 13. f3 Bd7 14. Qd2 {White is more active.} Nc6 15. Nb3 b5 16. cxb5 axb5 17. Nxf6+ Bxf6 18. Bxb5 Na5 19. Be2 Nxb3 $1 20. axb3 Be6 (20... Rb8 $1 $11 {keeps the balance.}) 21. b4 d5 22. exd5 Qxd5 23. Qxd5 Bxd5 24. Rxa8 Rxa8 25. Rd1 e6 26. Bd4 Bg5 (26... Bxd4+ $11 27. Rxd4 Ra2) 27. Kf2 $14 Be7 28. Bc5 Bf6 29. Bd4 Be7 30. Bc3 Kf8 31. Ke3 g5 32. g3 h5 33. f4 g4 34. b5 Ra4 35. Bd4 f6 36. Rc1 Ke8 37. Bd3 {Strongly threatening b6.} Bd8 38. Rc3 Kd7 {[#]} (38... f5 $16 39. Rc5 Ra1) 39. Bc5 $1 $18 (39. Ra3 Rxd4 40. Kxd4 Bb6+ 41. Kc3 Bg1 $16) 39... Ra2 {[#]} 40. Rc2 (40. b4 $1 $18 {is the precise move to win.}) 40... Bc7 (40... Bb3 $16 41. Rc1 Rxb2) 41. Bd4 Bb3 (41... e5 $142) 42. Rc3 Bd5 43. Bc4 Bxc4 44. Rxc4 $16 {[%cal Ob5b6][%mdl 4096] Endgame. Hoping for b6! KRB-KRB} e5 (44... Ra5 $16 45. b6 (45. Bxf6 Rxb5 46. Rd4+ Ke8 $16) 45... Bd8) 45. fxe5 $18 fxe5 46. Bc3 Ra1 47. Rc6 Bd6 48. Ke4 Rh1 49. Kd5 $2 (49. Bxe5 $2 Re1+ 50. Kf5 Rxe5+ (50... Bxe5 51. Rh6 $11) 51. Kg6 Rxb5 $19) (49. Ra6 $18) 49... Rd1+ $14 50. Ke4 $2 (50. Kc4 $14) 50... Rh1 $1 $18 51. Ra6 (51. Bxe5 $2 Re1+ 52. Kf5 Rxe5+ (52... Bxe5 53. Rh6 $15) 53. Kg6 Rxb5 $19) (51. Kd5 Rd1+ 52. Ke4 Kd8 $18) 51... h4 (51... Kc7 $142 52. Ba5+ (52. Bxe5 $2 Re1+ 53. Kd3 Rxe5 $19) 52... Kd7) 52. gxh4 (52. Bxe5 Re1+ 53. Kf4 Rxe5 (53... Bxe5+ 54. Kxg4 Re2 55. Rh6 $19) 54. Kxg4 hxg3 (54... Rxb5 55. Kxh4 Rxb2 56. Ra7+ Ke8 57. Kh3 $11) 55. Kxg3 Rxb5+ 56. Kf3 Rb3+ (56... Rxb2 57. Ke3 $15) 57. Ke4 Rxb2 $19 (57... Bxh2 58. Rg6 $15)) 52... Bb8 53. Rg6 (53. Bxe5 Re1+ 54. Kf5 Rxe5+ (54... Bxe5 55. h5 $11) 55. Kxg4 Re4+ (55... Rxb5 56. h5 $15) 56. Kg5 Bf4+ (56... Bxh2 57. h5 $11) 57. Kg6 Bd2 $11 (57... Bxh2 58. h5 $11)) 53... Rxh2 54. Rxg4 {[%cal Oe4d5] Black must now prevent Kd5!} Rh1 55. Rg7+ (55. Bxe5 Re1+ 56. Kf3 Bxe5 $11) 55... Kc8 56. Rh7 (56. Bxe5 Re1+ (56... Rxh4+ 57. Kd5 $16) 57. Kf3 Bxe5 $11) (56. b6 $142 Ra1 57. b7+ (57. Bxe5 Re1+ 58. Kf5 Rxe5+ 59. Kf6 Rb5 $11) 57... Kd8 58. h5 (58. Bxe5 Re1+ 59. Kd4 Bxe5+ 60. Kd3 Rd1+ 61. Kc2 Rh1 $14)) 56... Bc7 57. h5 (57. Bxe5 Re1+ 58. Kd4 Bxe5+ 59. Kc5 Rc1+ (59... Bxb2 60. b6 $11) 60. Kd5 Bf4 $17 (60... Bxb2 61. b6 $17)) 57... Kb8 58. h6 {White mates.} ({And not} 58. Bxe5 Re1+ 59. Kf3 Rxe5 $11 (59... Bxe5 60. Re7 $11)) 58... Rh4+ 59. Kd5 e4 60. Kc6 e3 61. Rh8+ {Weighted Error Value: White=0.27 (precise) /Black=0.39.  Missed win:     	White=1     	---        Mistake:       	White=2     	Black=7      Inaccurate:     	White=5     	Black=6      OK:         	White=23    	Black=11     Best:        	White=2     	Black=2      Strong:       	---       	Black=2} 1-0

[Event "45th FIDE Olympiad 2024"]
[Site "Budapest"]
[Date "2024.09.16"]
[Round "6.100"]
[White "Abdyzhapar, Asylbek"]
[Black "Smerdon, David C"]
[Result "0-1"]
[ECO "E62"]
[WhiteElo "2357"]
[BlackElo "2475"]
[Annotator "TA"]
[PlyCount "88"]
[EventDate "2024.09.05"]
[EventType "team-tourn"]
[EventCountry "HUN"]
[SourceTitle "playchess.com"]
[Source "ChessBase"]
[SourceQuality "1"]
[WhiteTeam "Kyrgyzstan"]
[BlackTeam "Australia"]
[WhiteTeamCountry "KGZ"]
[BlackTeamCountry "AUS"]
[TimeControl "40/5400+30:1800+30"]

1. d4 Nf6 2. c4 g6 3. Nf3 Bg7 4. g3 O-O 5. Bg2 d6 6. O-O c6 7. Nc3 Bf5 8. Re1 Ne4 9. Qb3 Nxc3 10. bxc3 Qb6 11. e4 Bc8 (11... Bg4 $11) 12. e5 $16 dxe5 {White is better.} 13. Nxe5 Re8 14. c5 Qxb3 15. axb3 {Nc4 would now be deadly.} Be6 16. b4 (16. Nc4 $16 {Black must now prevent Nb6.} Bxc4 17. bxc4) 16... Bxe5 $14 17. Rxe5 Nd7 {Black is weak on the dark squares} 18. Re1 Bc4 {Wards off b5} 19. Bg5 f6 20. Bh3 (20. Bh6 $14) 20... Nxc5 $11 21. bxc5 fxg5 22. Bd7 Red8 23. Rxe7 Kf8 $1 24. Rae1 (24. Rxh7 $2 Bg8 25. Bxc6 bxc6 (25... Bxh7 26. Bxb7 Rab8 27. c6 $11) 26. Rhxa7 Rxa7 27. Rxa7 Rb8 $19) 24... a5 25. Bg4 Re8 ({Black should play} 25... a4 $1 $17 {...h5 is the strong threat.} 26. Rxb7 (26. Rxh7 $2 a3 $17) 26... a3) 26. Rxe8+ Rxe8 {[%mdl 4096] Endgame. KRB-KRB} 27. Ra1 {[%cal Of2f4] [#]} a4 $1 {[%cal Oa4a3] Threatens to win with ...a3!} 28. f4 (28. Rxa4 $2 Re1+ 29. Kg2 Bf1+ 30. Kf3 Be2+ 31. Ke3 Bxg4+ $19) (28. h3 h5) 28... h5 29. Bh3 {[#]} (29. Rxa4 $2 Bb5 30. Bxh5 Bxa4 $19) (29. Bf3 $15) 29... gxf4 (29... Bb3 $1 $17 {And now ...g4 would win.} 30. fxg5 Re3) 30. Rxa4 Bb5 31. Rb4 Re1+ 32. Kf2 Re2+ 33. Kf3 Rxh2 34. Bc8 fxg3 {( -> ...g2)} (34... g5 $5 35. c4 $8 Ba6 36. Bxb7 Bxb7 37. Rxb7 fxg3 38. Kxg3 Rh4 $11) 35. c4 $1 Ba6 36. d5 $2 {[%mdl 8192] [#] Now White is beyond hope.} (36. Kxg3 $11 Rc2 (36... Rd2 37. d5 $11) 37. Kf4) 36... h4 $1 $19 37. dxc6 Rf2+ 38. Ke3 bxc6 (38... Rf1 39. Bh3 Re1+ 40. Kd2 $17) 39. Bxa6 {KRB-KR} Rf5 {Black mates.} 40. Rb1 g2 (40... Rxc5 41. Rd1 $15) 41. Ke2 h3 ({And not} 41... Rxc5 42. Kf2 $11) 42. Bc8 {[#]} h2 $1 43. Bxf5 gxf5 44. Kf2 h1=Q {Weighted Error Value: White=0.59/Black=0.15 (very precise) .  Loses game:     	White=1     	---        Mistake:       	White=3     	Black=3      Inaccurate:     	White=3     	---        OK:         	White=6     	Black=19     Best:        	White=2     	Black=1      Strong:       	White=1     	Black=2} ({Not} 44... h1=R 45. Rb8+ Ke7 46. Rb7+ (46. Kxg2 Rc1 $15) 46... Kd8 47. Kxg2 $11) 0-1

[Event "45th FIDE Olympiad 2024"]
[Site "Budapest"]
[Date "2024.09.16"]
[Round "6.101"]
[White "Bogner, Sebastian"]
[Black "Atabayev, Saparmyrat"]
[Result "1-0"]
[ECO "C50"]
[WhiteElo "2545"]
[BlackElo "2516"]
[Annotator "TA"]
[PlyCount "99"]
[EventDate "2024.09.05"]
[EventType "team-tourn"]
[EventCountry "HUN"]
[SourceTitle "playchess.com"]
[Source "ChessBase"]
[SourceQuality "1"]
[WhiteTeam "Switzerland"]
[BlackTeam "Turkmenistan"]
[WhiteTeamCountry "SUI"]
[BlackTeamCountry "TKM"]
[TimeControl "40/5400+30:1800+30"]

1. e4 e5 2. Nf3 Nc6 3. Bc4 Nf6 4. d3 Bc5 5. Nc3 O-O 6. Bg5 Be7 7. h3 d6 8. a4 Be6 {The position is equal.} 9. Bxf6 Bxf6 10. Bxe6 fxe6 11. O-O Qe8 12. Nb5 Qd7 13. c3 Ne7 14. g3 Rf7 15. Kg2 Raf8 16. Na3 (16. Nxa7 c6 17. d4 exd4 18. cxd4 Ng6 $17) 16... Ng6 17. Nc4 Qd8 18. Nh2 Bg5 19. Qe2 Re8 20. Na3 d5 21. Nc2 Be7 22. Ne1 a5 23. Qg4 Bc5 24. Nef3 Rf6 25. h4 {[%cal Bh3h4,Bh4h5][%mdl 32] Threatening h5.} Ref8 26. h5 Ne7 (26... Nh8 $1 $11 {remains equal.}) 27. d4 $2 (27. Nxe5 $16 {Strongly threatening f4.} Bxf2 28. Qe2) 27... exd4 $15 28. e5 Rf5 (28... Rh6 $1 $15 29. cxd4 Bb6) 29. cxd4 $11 Bb6 30. Nh4 R5f7 31. Qxe6 Nc6 32. N2f3 {aiming for Qg4.} Nxd4 33. Nxd4 Bxd4 34. f4 Re8 35. Qg4 {Nf5 is the strong threat.} Bxb2 36. Rab1 Bc3 37. e6 {[%mdl 1024] White has strong compensation.} Rf6 38. f5 (38. Rxb7 Rfxe6 (38... Rexe6 39. Rfb1 $11) 39. Kh3 d4 $15) 38... Bb4 39. Nf3 Qd6 {Prevents Ne5.} 40. h6 Rxh6 41. Rh1 Qc5 $1 42. Rbc1 {[%cal Bb1c1,Bc1c7,Bc7d7,Bd7d6,Bd6d8][%mdl 32] Against Qc2+. Chess con chili.} Qe3 {[#] Threatens to win with ...Qe2+.} 43. Rxh6 $1 Qxh6 {This move loses the game for Black.} (43... Qxc1 $11 {and Black is okay.} 44. Rxh7 (44. Qh5 Qc2+ 45. Kf1 Qc1+ 46. Kg2 Qc2+ 47. Kf1 Qc1+ 48. Kg2 $11) 44... Kxh7 (44... Qb2+ 45. Kh3 $16) 45. Qh5+ Kg8 46. Qxe8+ Kh7 47. Qh5+ Kg8) 44. Rxc7 $18 Bd6 45. Rd7 {White is much more active.} (45. Rxb7 Rc8 46. Ng1 Rc4 $11) 45... Rc8 {( -> ...Rc2+)} 46. Qh4 $40 {[%mdl 128] White attacks with force.} (46. Rxd6 {is a self mate.} Rc2+) 46... Qc1 $2 (46... Qxh4 47. gxh4 (47. Nxh4 Be5 $16) 47... Bb4) 47. Rxd6 {Rd8+ would kill now.} Rc2+ {[#]} 48. Kh3 $1 Qf1+ 49. Kg4 h6 50. Rd8+ {Weighted Error Value: White=0.13 (very precise) /Black=0.28 (precise) .  Loses game:     	---       	Black=1      Mistake:       	White=1     	Black=3      Inaccurate:     	White=3     	Black=4      OK:         	White=16    	Black=10     Best:        	White=5     	Black=3      Strong:       	White=1     	Black=1} 1-0